 Dungeon Crawl Stone Soup version 0.19.1-1-g22dce08 (webtiles) character file.

12661 RedPan the Carver (level 11, -13/85 (86) HPs)
             Began as a Demonspawn Berserker on Dec 28, 2016.
             Was a High Priest of Trog.
             Mangled by an ogre
             ... wielding a +0 giant club
              (18 damage)
             ... on level 12 of the Dungeon.
             The game lasted 00:33:24 (11262 turns).

RedPan the Carver (Demonspawn Berserker)           Turns: 11262, Time: 00:33:25

HP:   -13/85 (86)   AC: 12    Str: 25    XL:     11   Next: 65%
MP:   0/3           EV: 16    Int:  9    God:    Trog [*****.]
Gold: 705           SH:  0    Dex: 15    Spells: 0 memorised, 10 levels left

rFire  + . .     SeeInvis .     P - +5 double sword (antimagic)
rCold  . . .     Gourm    .     k - +2 scale mail of Noughts and Crosses {*Contam rElec Regen+ rCorr}
rNeg   . . .     Faith    .     (no shield)
rPois  +         Spirit   +     (helmet restricted)
rElec  +         Reflect  .     i - +0 cloak
rCorr  +         Harm     .     (no gloves)
MR     ++...                    E - +0 pair of boots
Stlth  ..........               (no amulet)
                                l - ring of poison resistance
                                u - ring of protection from fire

@: mighty, regenerating
A: claws 1, horns 1, talons 1, repulsion field 1, agile 1, powered by pain 1,
magic shield, magic regeneration
a: Berserk, Trog's Hand, Brothers in Arms, Burn Spellbooks, Renounce Religion


You were on level 12 of the Dungeon.
You worshipped Trog.
Trog was extremely pleased with you.
You were very hungry.

You visited 2 branches of the dungeon, and saw 13 of its levels.

You collected 705 gold pieces.

Inventory:

Hand Weapons
 J - a +2 scimitar of flaming
 P - a +5 antimagic double sword (weapon)
Armour
 i - a +0 cloak (worn)
 k - the +2 scale mail of Noughts and Crosses (worn) {*Contam rElec Regen+ rCorr}
   (You found it on level 4 of the Dungeon)

   It insulates you from electricity.
   It causes magical contamination when unequipped.
   It increases your rate of regeneration.
   It protects you from acid and corrosion.
 n - a +1 plate armour
 E - a +0 pair of boots (worn)
Jewellery
 e - an uncursed ring of wizardry
 l - a ring of poison resistance (right claw)
 u - a ring of protection from fire (left claw)
 D - a +4 ring of intelligence
Wands
 h - a wand of iceblast (10/15)
 m - a wand of polymorph (10/24)
 s - a wand of polymorph (24/24)
 v - a wand of lightning (0/15)
 B - a wand of flame (27/48)
 I - a wand of flame (31/48)
Scrolls
 j - 2 scrolls of remove curse
 q - 2 scrolls of magic mapping
 y - 3 scrolls of fog
 z - 2 scrolls of teleportation
 G - 2 scrolls of identify
 H - 2 scrolls of recharging
Potions
 b - 3 potions of heal wounds
 f - a potion of brilliance
 g - 3 potions of might
 o - a potion of cure mutation
 r - a potion of curing
 t - a potion of resistance
 A - 2 potions of agility
 L - 3 potions of flight {unknown}
 M - 2 potions of magic {unknown}
Books
 C - a book of Clouds

   Spells                             Type                      Level
   a - Mephitic Cloud                 Conjuration/Poison/Air       3
   b - Conjure Flame                  Conjuration/Fire             3
   c - Poisonous Cloud                Conjuration/Poison/Air       6
   d - Freezing Cloud                 Conjuration/Ice/Air          6
   e - Ring of Flames                 Charms/Fire                  7
   Trog disapproves of the use of such an item.
 K - a book of Conjurations

   Spells                             Type                      Level
   a - Magic Dart                     Conjuration                  1
   b - Searing Ray                    Conjuration                  2
   c - Dazzling Spray                 Conjuration/Hexes            3
   d - Fulminant Prism                Conjuration/Hexes            4
   e - Iskenderun's Mystic Blast      Conjuration                  4
   f - Iskenderun's Battlesphere      Conjuration/Charms           5
   Trog disapproves of the use of such an item.
Miscellaneous
 x - a phantom mirror
Comestibles
 a - 8 chunks of flesh
 c - 10 bread rations
 d - 3 beef jerkies
 p - 10 meat rations
 w - 13 fruits
 N - 2 royal jellies


   Skills:
 - Level 8.0 Fighting
 + Level 12.7 Long Blades
 - Level 8.0 Armour
 + Level 5.9 Dodging


You had 10 spell levels left.
You didn't know any spells.

Dungeon Overview and Level Annotations

Branches:
Dungeon (12/15)            Temple (1/1) D:6            Lair (0/6) D:9
    Orc (0/2) D:12

Altars:
Ashenzari
Cheibriados
Dithmenos
Elyvilon
Fedhas
Gozag
Hepliaklqana
Kikubaaqudgha
Makhleb
Nemelex Xobeh
Okawaru
Qazlal
Ru
Sif Muna
Trog
Uskayaw
Vehumet
Xom
Yredelemnul
Zin
The Shining One

Annotations:
D:10 exclusion: orange crystal statue


Innate Abilities, Weirdness & Mutations

You have sharp fingernails.
You are surrounded by a mild repulsion field. (EV +2)
You sometimes gain a little power by taking damage.
When hurt, damage is shared between your health and your magic reserves.
You regenerate magic rapidly.
You have a pair of small horns on your head.
You have sharp toenails.
You are agile. (Dex +2)


Message History

Your skin stops crawling.
You feel less resistant to hostile enchantments.
The centaur warrior skeleton hits you but does no damage.
The gnoll sergeant hits you but does no damage.
The orc warrior hits you with a war axe!
* * * LOW HITPOINT WARNING * * *
Your skin crawls.
You feel resistant to hostile enchantments.
You are feeling very hungry.
The centaur warrior skeleton hits you but does no damage.
The gnoll sergeant misses you. The ogre hits you with a giant club!!
* * * LOW HITPOINT WARNING * * *
You focus on the pain.
You feel very mighty all of a sudden. The orc warrior completely misses you.
You riposte.
You hit the orc warrior.
You kill the orc warrior!
Trog accepts your kill.
The centaur warrior skeleton hits you but does no damage.
The ogre hits you with a giant club!!
You die... .## ## ....... #.#.#.. ###...... # #.......##.########...# #.....<..#....@Z)...# #.#.##......###O###...# #.#.##...#..# goo8

. #.#.##.#...##gKgTK#
#.#.........#oKooo#
#.#.....#...#.OK..#
###...).#.#..##8...8#
.....)###.....#######
...†.........##


You could see a troll, an orc warrior, 2 big kobolds, an ogre, a gnoll sergeant,
4 orcs and a centaur warrior skeleton.

Vanquished Creatures
  A hydra (D:11)
  Erica (D:9)
  3 unseen horrors
  Joseph (D:9)
  A gargoyle (D:12)
  2 trolls
  A hippogriff (D:8)
  2 wraiths
  A spriggan (D:10)
  The ghost of HessuHobo the Destroyer, an amateur DECj (D:3)
  8 yaks
  2 wyverns
  Grum (D:9)
  A hungry ghost (D:12)
  A water moccasin (D:11)
  An ice beast (D:12)
  A necrophage (D:10)
  A black bear (D:9)
  5 orc warriors
  2 phantoms
  3 sky beasts
  3 ogres
  8 centaurs
  6 wolves (D:9)
  6 big kobolds
  7 bullfrogs
  2 wyvern skeletons (D:9)
  3 scorpions
  2 electric eels (D:9)
  2 vampire bats (D:2)
  10 wights
  A howler monkey (D:5)
  8 crimson imps
  2 jellies
  7 hounds
  3 orc priests
  Jessica (D:2)
  3 bullfrog skeletons
  2 iguanas
  8 orc wizards
  9 worker ants
  3 hound zombies
  3 hound skeletons
  2 worker ant zombies
  5 gnolls
  19 adders
  3 shadow imps
  An ooze (D:1)
  An adder skeleton (D:5)
  9 worms
  2 dart slugs
  5 leopard geckos
  34 orcs
  2 ball pythons
  6 bats
  3 bat skeletons (D:2)
  A bat zombie (D:2)
  8 giant cockroaches
  10 goblins
  17 hobgoblins
  7 jackals
  33 kobolds
  7 quokkas
  4 frilled lizards
  A leopard gecko skeleton (D:5)
  A leopard gecko zombie (D:5)
  10 rats
330 creatures vanquished.

Vanquished Creatures (others)
  A sky beast (D:5)
  A howler monkey (D:10)
  A bullfrog zombie (D:10)
  A gnoll (D:3)
  4 orcs (D:7)
  2 jackals (D:9)
10 creatures vanquished.

Grand Total: 340 creatures vanquished

Notes
Turn   | Place    | Note
-------+----------+-------------------------------------------
     0 | D:1      | RedPan the Demonspawn Berserker began the quest for the Orb.
     0 | D:1      | Reached XP level 1. HP: 18/18 MP: 1/1
    57 | D:1      | Reached skill level 3 in Long Blades
   140 | D:1      | Gained mutation: When hurt, damage is shared between your health and your magic reserves. [demonic ancestry]
   140 | D:1      | Reached XP level 2. HP: 10/24 MP: 2/2
   990 | D:1      | Gained mutation: You have sharp fingernails. [demonic ancestry]
   990 | D:1      | Reached XP level 3. HP: 29/29 MP: 3/3
  1085 | D:2      | Noticed Jessica
  1095 | D:2      | Killed Jessica
  1095 | D:2      | Reached skill level 4 in Long Blades
  1302 | D:2      | Reached XP level 4. HP: 35/35 MP: 4/4
  1603 | D:2      | Reached ** piety under Trog
  1617 | D:2      | Reached skill level 5 in Long Blades
  1922 | D:2      | Found a shadowy altar of Dithmenos.
  2209 | D:2      | Gained mutation: You regenerate magic rapidly. [demonic ancestry]
  2209 | D:2      | Reached XP level 5. HP: 31/41 MP: 5/5
  2334 | D:2      | Found an ancient bone altar of Kikubaaqudgha.
  2753 | D:3      | Reached skill level 6 in Long Blades
  3020 | D:3      | Gained mutation: You are surrounded by a mild repulsion field. (EV +2) [demonic ancestry]
  3020 | D:3      | Reached XP level 6. HP: 22/47 MP: 3/6
  3021 | D:3      | Noticed HessuHobo's ghost (amateur DECj)
  3034 | D:3      | HP: 1/47 [gnoll/spear (3)]
  3040 | D:3      | Gained mutation: You have sharp toenails. [potion of mutation]
  3040 | D:3      | Gained mutation: You have a pair of small horns on your head. [potion of mutation]
  3040 | D:3      | Gained mutation: You are agile. (Dex +2) [potion of mutation]
  3049 | D:3      | Killed HessuHobo's ghost
  3049 | D:3      | Reached skill level 7 in Long Blades
  3677 | D:3      | Reached *** piety under Trog
  3912 | D:3      | Reached XP level 7. HP: 52/52 MP: 7/7
  4676 | D:4      | Got a bloodstained scale mail
  4687 | D:4      | Identified the +2 scale mail of Noughts and Crosses {*Contam rElec Regen+ rCorr} (You found it on level 4 of the Dungeon)
  4708 | D:4      | Reached skill level 8 in Long Blades
  5155 | D:5      | Entered Level 5 of the Dungeon
  5201 | D:5      | Found a deep blue altar of Sif Muna.
  5207 | D:5      | Found a shimmering altar of Xom.
  5266 | D:5      | Reached skill level 9 in Long Blades
  5266 | D:5      | Reached XP level 8. HP: 40/58 MP: 5/8
  5403 | D:5      | Found an iron altar of Okawaru.
  5799 | D:6      | Reached **** piety under Trog
  5842 | D:6      | Found a staircase to the Ecumenical Temple.
  5871 | Temple   | Entered the Ecumenical Temple
  6575 | D:7      | Reached skill level 10 in Long Blades
  7278 | D:8      | Reached skill level 11 in Long Blades
  7278 | D:8      | Reached XP level 9. HP: 35/63 MP: 4/9
  7680 | D:8      | Received a gift from Trog
  7869 | D:8      | Reached ***** piety under Trog
  8262 | D:8      | Reached skill level 5 in Fighting
  8439 | D:9      | Noticed a troll
  8457 | D:9      | Killed a troll
  8460 | D:9      | Reached skill level 5 in Armour
  8466 | D:9      | Found a staircase to the Lair.
  8675 | D:9      | Noticed Joseph
  8704 | D:9      | Killed Joseph
  8747 | D:9      | Noticed Erica
  8769 | D:9      | Killed Erica
  8769 | D:9      | Gained mutation: You sometimes gain a little power by taking damage. [demonic ancestry]
  8769 | D:9      | Reached XP level 10. HP: 62/79 MP: 8/10
  8919 | D:9      | Noticed Grum
  8943 | D:9      | Killed Grum
  9395 | D:10     | Entered Level 10 of the Dungeon
  9799 | D:10     | Noticed an orange crystal statue
 10179 | D:10     | Reached XP level 11. HP: 82/85 MP: 11/11
 10276 | D:11     | Received a gift from Trog
 10359 | D:11     | Killed an unseen horror
 10453 | D:11     | Reached skill level 12 in Long Blades
 10753 | D:11     | Noticed a seven-headed hydra
 10762 | D:11     | Killed a three-headed hydra
 10787 | D:11     | Killed an unseen horror
 10976 | D:12     | Reached skill level 5 in Dodging
 11095 | D:12     | Killed an unseen horror
 11240 | D:12     | Found a staircase to the Orcish Mines.
 11261 | D:12     | HP: 3/85 [ogre/giant club (20)]
 11262 | D:12     | Mangled by an ogre

Skill      XL: |  1  2  3  4  5  6  7  8  9 10 11 |
---------------+----------------------------------+-----
Long Blades    | 3 4 5 6 7 9 11 12 | 12.7
Armour         | 6 8 |  8.0
Fighting       | 7 8 |  8.0
Dodging        | 2 5 |  5.9

Action                   |  1- 3 |  4- 6 |  7- 9 | 10-12 || total
-------------------------+-------+-------+-------+-------++-------
Melee: Falchion          |    56 |   285 |   519 |       ||   860
       Kick              |       |    18 |   105 |       ||   123
       Headbutt          |       |    15 |   141 |    72 ||   228
       Scimitar          |       |       |       |   120 ||   120
       Great sword       |       |       |       |    45 ||    45
       Double sword      |       |       |       |   132 ||   132
Invok: Berserk           |     1 |     2 |     2 |     3 ||     8
       Trog's Hand       |       |     2 |     3 |     4 ||     9
  Use: Potion            |       |     9 |       |       ||     9
       Scroll            |       |     1 |    16 |     1 ||    18
 Stab: Sleeping          |       |     3 |     1 |       ||     4
       Invisible         |       |     1 |       |       ||     1
  Eat: Chunk             |     1 |    11 |    15 |    13 ||    40
       Beef jerky        |       |     1 |       |     1 ||     2
       Pizza             |       |       |     2 |       ||     2
Armor: Animal skin       |     8 |    41 |     1 |       ||    50
       Skin              |       |    11 |       |       ||    11
       Scale mail        |       |       |   166 |   184 ||   350
       Plate armour      |       |       |     7 |       ||     7
Dodge: Dodged            |    33 |   200 |   219 |   310 ||   762
       Rpst.: Falchion   |    16 |    61 |    71 |       ||   148
       Scimitar          |       |       |       |    37 ||    37
       Great sword       |       |       |       |     9 ||     9
       Double sword      |       |       |       |    29 ||    29
